AoeStats
← Kristian Hegaard

Arena

510974277Analyzed
1v1 RM · 7h ago on Oct 3, 2026· 39m 58s· 2 players
Game mode
Random Map
Map size
Tiny (2 player)
Population
200
Speed
Normal
Resources
Standard
Victory
Conquest
Starting age
Dark Age
Ending age
Imperial Age
RankedLock teamsTeams togetherTeam positionsShared explorationLock speedFull tech treeHidden civsTurbo modeCheats
Victory
Defeat
🇩🇰 Spanish · Denmark
1000
+48
🇮🇩 Lithuanians · Indonesia
1000
-48
Kristian Hegaard
6:54 Loom
9:50 Feudal Age
12:35 Double-Bit Axe
18:08 Castle Age
16:26 Scale Barding Armor
18:10 Bloodlines
21:07 Chain Barding Armor
20:59 Stone Mining
21:56 Husbandry
23:30 Horse Collar
24:30 Heavy Plow
26:51 Wheelbarrow
29:07 Hand Cart
29:27 Forging
33:21 Imperial Age
33:06 Iron Casting
32:31 Gold Mining
35:08 Plate Barding Armor
35:38 Blast Furnace
34:43 Scale Mail Armor
34:48 Padded Archer Armor
34:44 Pikeman
35:26 Squires
35:58 Elite Conquistador
37:25 Fletching
38:25 Conscription
38:16 Halberdier
40:26 Chain Mail Armor
riqueladitya25
3:03 Loom
10:54 Feudal Age
12:10 Wheelbarrow
11:59 Horse Collar
16:15 Gold Mining
16:18 Stone Mining
18:02 Double-Bit Axe
19:35 Bloodlines
21:58 Castle Age
21:00 Forging
20:57 Scale Barding Armor
21:52 Scale Mail Armor
22:54 Hand Cart
22:42 Heavy Plow
22:54 Bow Saw
23:23 Stone Shaft Mining
23:22 Husbandry
23:36 Light Cavalry
28:46 Iron Casting
29:20 Chain Barding Armor
34:12 Fletching
35:47 Hill Forts
Connection lost

Rejoining the realm…

Still unreachable

The connection could not be restored.

Session expired

The server has moved on; the page needs a fresh start.